 Dungeon Crawl Stone Soup version 0.28.0-53-g5a82cb258f (webtiles) character file.

Game seed: 6075365201538802879

28 Ashen the Ogre Mage (level 3, -1/32 HPs)
             Began as an Ogre Hedge Wizard on June 17, 2022.
             Slain by an adder (3 damage)
             ... on level 2 of the Dungeon.
             The game lasted 00:02:54 (1862 turns).

Ashen the Ogre Mage (Ogre Hedge Wizard)             Turns: 1862, Time: 00:02:54

Health: -1/32      AC:  3    Str: 14    XL:     3   Next: 12%
Magic:  0/8        EV:  9    Int: 17    God:
Gold:   34         SH:  0    Dex:  8    Spells: 8/9 levels left

rFire   . . .      SeeInvis .   a - +0 dagger
rCold   . . .      Faith    .   (no shield)
rNeg    . . .      Spirit   .   b - +0 robe
rPois   .          Reflect  .   c - +0 hat
rElec   .          Harm     .   (no cloak)
rCorr   .          Rampage  .   (gloves unavailable)
Will    .....                   (boots unavailable)
Stlth   +.........              (no amulet)
HPRegen 0.10/turn               (no ring)
MPRegen 0.11/turn               (no ring)

@: brilliant, hasted, very quick
A: large, unfitting armour, tough skin 1
a: no special abilities


You were on level 2 of the Dungeon.
You visited 1 branch of the dungeon, and saw 2 of its levels.

You collected 34 gold pieces.

Inventory:

Hand Weapons
 a - a +0 dagger (weapon)
Armour
 b - a +0 robe (worn)
 c - a +0 hat (worn)
Scrolls
 d - a scroll of noise {unknown}
 e - 3 scrolls of teleportation {unknown}
 f - 3 scrolls of silence {unknown}
 h - 2 scrolls of identify {unknown}
 j - a scroll of enchant weapon {unknown}
Potions
 g - a potion of brilliance


   Skills:
 + Level 0.8 Fighting
 + Level 2.0 Dodging
 + Level 1.6 Stealth
 + Level 3.8 Spellcasting
 + Level 1.3 Conjurations
 + Level 1.2 Summonings
 + Level 1.2 Translocations


You had 8 spell levels left.
You knew the following spells:

 Your Spells              Type           Power      Damage    Failure   Level
a - Magic Dart            Conj           44%        1d5       10%         1

Your spell library contained the following spells:

 Spells                   Type           Power      Damage    Failure   Level
 Shock                    Conj/Air       32%        1d5       12%         1
 Blink                    Tloc           22%        N/A       14%         2
 Call Imp                 Summ           11%        N/A       14%         2
 Slow                     Hex            16%        N/A       16%         1
 Conjure Flame            Conj/Fire      8%         6-21      36%         3
 Mephitic Cloud           Conj/Pois/Air  7%         N/A       38%         3
 Swiftness                Air            4%         N/A       43%         3
 Airstrike                Air            2%         N/A       85%         4


Dungeon Overview and Level Annotations

Branches:
Dungeon (2/15)

Altars:


Innate Abilities, Weirdness & Mutations

You are too large for most types of armour.
You have tough skin. (AC +1)


Message History

Aim: an adder (moderately wounded, 100% to hit)
The magic dart hits the adder but does no damage.
The adder is moderately wounded.
The adder bites you. x2
You are poisoned.
The adder poisons you!
Casting: Magic Dart (safe; 10% risk of failure)
Confirm with . or Enter, or press ? or * to list all spells.
Aiming: Magic Dart (safe; 10% risk of failure)
Press: ? - help, Shift-Dir - straight line, f/p - adder
Aim: an adder (moderately wounded, 100% to hit)
The magic dart hits the adder.
The adder is severely wounded.
You feel sick. The adder bites you but does no damage.
Casting: Magic Dart (safe; 10% risk of failure)
Confirm with . or Enter, or press ? or * to list all spells.
You don't have enough magic to cast this spell.
You closely miss the adder.
The adder is severely wounded.
You feel sick. The adder bites you.
* * * LOW HITPOINT WARNING * * *
You hit the adder but do no damage.
The adder is severely wounded.
You feel sick. The adder bites you.
* * * LOW HITPOINT WARNING * * *
It was a potion of brilliance.
You feel clever all of a sudden.
You feel sick.
You are no longer poisoned.
The adder closely misses you. The adder barely misses you.
Casting: Magic Dart (safe; 10% risk of failure)
Confirm with . or Enter, or press ? or * to list all spells.
Aiming: Magic Dart (safe; 10% risk of failure)
Press: ? - help, Shift-Dir - straight line, f/p - adder
Aim: an adder (severely wounded, 100% to hit)
You feel a surge of power!
The magic dart hits the adder.
The adder is almost dead.
The adder bites you but does no damage.
It was a potion of haste.
You feel yourself speed up. The adder bites you.
You die...

#.#..[...#............†)......
#.#...................#...^.<.
#.#.##......................<.
#.............................
........#.......#.............
..................#.##.#......
.................###.#>...#....
............#.....###...#..#....
##.@....###....#....
......S##............... ..###..
###............. ....
#...####...... ...## #....#
####... ..... .....# ... .... #.
#.. ... .... ... ...


You could see an adder.

Vanquished Creatures
  A dart slug (D:2)
  An endoplasm (D:2)
  2 giant cockroaches (D:2)
  4 goblins
  3 hobgoblins (D:1)
  4 jackals (D:1)
  2 kobolds (D:1)
  A quokka (D:2)
  A ball python (D:1)
  3 rats
22 creatures vanquished.

Notes
Turn   | Place    | Note
-------+----------+-------------------------------------------
     0 | D:1      | Ashen the Ogre Hedge Wizard began the quest for the Orb.
     0 | D:1      | Reached XP level 1. HP: 16/16 MP: 5/5
   116 | D:1      | Reached skill level 1 in Conjurations
   452 | D:1      | Reached skill level 1 in Summonings
   452 | D:1      | Reached skill level 1 in Translocations
   507 | D:1      | Reached XP level 2. HP: 21/24 MP: 0/6
   797 | D:1      | Found a faded altar of an unknown god.
  1809 | D:2      | Reached XP level 3. HP: 32/32 MP: 5/8
  1862 | D:2      | Slain by an adder

Illustrated notes

Levels and vault maps discovered:
D:1:      dpeg_arrival_central, layout_loops_ring,
          ebering_ecumenical_altar_petrified, minmay_pentomino_r2
D:2:      layout_rooms

Skill      XL: |  1  2  3 |
---------------+----------+-----
Conjurations   | 1 |  1.3
Summonings     | 1 |  1.2
Translocations | 1 |  1.2
Dodging        | 2 |  2.0
Fighting       | |  0.8
Stealth        | |  1.6
Spellcasting   | |  3.8

Action                   || total
-------------------------++-------
Melee: Dagger            ||    53
       Punch             ||     1
 Cast: Magic Dart        ||    50
  Use: Potion            ||     2
Armor: Robe              ||    29
Dodge: Dodged            ||    34
